 Dungeon Crawl Stone Soup version 0.29-a0-925-g0a7a3d12f8 (webtiles) character file.

Game seed: 13516416867667369318

143 quixfox the Digger (level 5, -5/45 HPs)
             Began as a Troll Earth Elementalist on July 29, 2022.
             Blown up by Ijyb (12 damage)
             ... with a mindburst bolt
             ... on level 4 of the Dungeon.
             The game lasted 00:04:39 (2217 turns).

quixfox the Digger (Troll Earth Elementalist)       Turns: 2217, Time: 00:04:40

Health: -5/45      AC:  4    Str: 22    XL:     5   Next: 4%
Magic:  5/7        EV:  9    Int: 13    God:
Gold:   172        SH:  0    Dex: 10    Spells: 2/8 levels left

rFire   . . .      SeeInvis .   (no weapon)
rCold   . . .      Faith    .   (no shield)
rNeg    . . .      Spirit   .   a - +0 robe
rPois   .          Reflect  .   (helmet restricted)
rElec   .          Harm     .   (no cloak)
rCorr   .          Rampage  .   (gloves unavailable)
Will    .....                   (boots unavailable)
Stlth   +.........              (no amulet)
HPRegen 0.95/turn               g - +6 ring of strength
MPRegen 0.10/turn               (no ring)

@: lethally poisoned (-5 -> -7)
A: large, unfitting armour, claws 3, regeneration 1, shaggy fur 1, tough skin 1
a: no special abilities


You were on level 4 of the Dungeon.
You visited 1 branch of the dungeon, and saw 4 of its levels.

You collected 172 gold pieces.

Inventory:

Missiles
 l - a throwing net
Armour
 a - a +0 robe (worn)
Jewellery
 g - a +6 ring of strength (left claw)
Scrolls
 c - 3 scrolls of identify
 h - a scroll of noise
Potions
 b - a potion of magic
 d - a potion of degeneration
 f - 2 potions of heal wounds
 i - 2 potions of lignification
 k - 2 potions of curing
 n - 2 potions of invisibility


   Skills:
 - Level 1.5 Dodging
 - Level 1.0 Stealth
 + Level 2.4 Spellcasting
 + Level 0.3 Conjurations
 - Level 0.6 Transmutations
 + Level 4.1 Earth Magic


You had 2 spell levels left.
You knew the following spells:

 Your Spells              Type           Power      Damage    Failure   Level
a - Sandblast             Erth           24%        2d8       4%          1
b - Passwall              Tmut/Erth      5%         N/A       14%         2
c - Stone Arrow           Conj/Erth      14%        3d7       28%         3

Your spell library contained the following spells:

 Spells                   Type           Power      Damage    Failure   Level
 Gell's Gravitas          Tloc           1%         N/A       58%         3
 Teleport Other           Tloc           1%         N/A       58%         3
 Petrify                  Tmut/Erth      7%         N/A       67%         4
 Summon Lightning Spire   Summ/Air       1%         N/A       94%         4
 Dispersal                Tloc           0%         N/A       100%        6
 Storm Form               Tmut/Air       1%         N/A       100%        7
 Maxwell's Capacitive Co  Air            0%         ∞         100%        8


Dungeon Overview and Level Annotations

Branches:
Dungeon (4/15)
 Temple: D:4-7

Altars:
Elyvilon
Sif Muna

Shops:
D:1 *

Annotations:
D:4 Ijyb


Innate Abilities, Weirdness & Mutations

You are too large for most types of armour.
You have claws for hands.
Your natural rate of healing is unusually fast.
You are covered in fur. (AC +1)
You have tough skin. (AC +1)


Message History

You feel very sick.
Aiming: Sandblast (safe; 4% risk of failure)
Press: ? - help, Q - select action, (/) - cycle Shift-Dir - straight line, f - Ijyb
Aim: Ijyb, wielding a +1 dagger of venom, wearing a +3 leather armour of poison resistance and carrying a wand of mindburst (14) (77% to hit)
The blast of sand hits Ijyb but does no damage.
You feel very sick. Ijyb completely misses you.
Aiming: Sandblast (safe; 4% risk of failure)
Press: ? - help, Q - select action, (/) - cycle Shift-Dir - straight line, f/p - Ijyb
Aim: Ijyb, wielding a +1 dagger of venom, wearing a +3 leather armour of poison resistance and carrying a wand of mindburst (14) (77% to hit)
The blast of sand hits Ijyb but does no damage.
You feel sick.
Ijyb hits you with a +1 dagger of venom.
You are more poisoned.
Ijyb hits you with a +1 dagger of venom.
You are more poisoned.
Aiming: Sandblast (safe; 4% risk of failure)
Press: ? - help, Q - select action, (/) - cycle Shift-Dir - straight line, f/p - Ijyb
Aim: Ijyb, wielding a +1 dagger of venom, wearing a +3 leather armour of poison resistance and carrying a wand of mindburst (14) (77% to hit)
The blast of sand hits Ijyb but does no damage.
You feel extremely sick.
Ijyb hits you with a +1 dagger of venom.
You are more poisoned.
Ijyb hits you with a +1 dagger of venom.
You barely miss Ijyb.
You feel very sick. Ijyb closely misses you.
You barely miss Ijyb.
You feel very sick. Ijyb closely misses you.
You scratch Ijyb but do no damage.
You feel very sick. Ijyb closely misses you.
You closely miss Ijyb.
You feel very sick. Ijyb hits you but does no damage.
You scratch Ijyb.
Ijyb is lightly wounded.
You feel sick.
Ijyb zaps a wand.
Your mind is blasted!
You die...

###..#########..#............
#...## ##.............. ..###
##............. ###
#..........### # ##.......###
##....#### #..#### #..# ##@##
# #g## # ##g# . ##g## #gg#
##.## #..# #..# 8.8.8.8..#


You could see Ijyb and 4 goblins.

Vanquished Creatures
  A scorpion (D:3)
  2 adders
  2 orcs
  6 endoplasms
  7 goblins
  3 hobgoblins
  11 jackals
  4 kobolds (D:1)
  2 quokkas
  7 ball pythons
  4 bats
  11 frilled lizards
  3 rats
63 creatures vanquished.

Vanquished Creatures (others)
  7 plants (D:3)
7 creatures vanquished.

Grand Total: 70 creatures vanquished

Notes
Turn   | Place    | Note
-------+----------+-------------------------------------------
     0 | D:1      | quixfox the Troll Earth Elementalist began the quest for
                  | the Orb.
     0 | D:1      | Reached XP level 1. HP: 16/16 MP: 1/1
   197 | D:1      | Reached skill level 3 in Earth Magic
   197 | D:1      | Reached XP level 2. HP: 19/24 MP: 1/3
   388 | D:1      | Found Koul's General Store.
   600 | D:1      | Found a faded altar of an unknown god.
   928 | D:2      | Reached XP level 3. HP: 28/31 MP: 4/4
   948 | D:2      | Learned a level 2 spell: Passwall
  1337 | D:3      | Noticed a scorpion
  1342 | D:3      | Killed a scorpion
  1343 | D:3      | Reached XP level 4. HP: 36/39 MP: 6/6
  1443 | D:3      | Reached skill level 4 in Earth Magic
  1456 | D:3      | Learned a level 3 spell: Stone Arrow
  1470 | D:3      | Found a shimmering blue altar of Sif Muna.
  1721 | D:3      | Found a white marble altar of Elyvilon.
  1886 | D:3      | Reached XP level 5. HP: 45/45 MP: 7/7
  2190 | D:4      | Noticed Ijyb
  2217 | D:4      | Blown up by Ijyb

Illustrated notes

Levels and vault maps discovered:
D:1:      saegor_arrival_simple_d, layout_basic, serial_shops, shop,
          ebering_ecumenical_altar_abandoned
D:2:      layout_rooms
D:3:      layout_loops_ring, mainiacjoe_overflow_tiny_flanked,
          nicolae_elyvilon_temple_path, minmay_lizard_king
D:4:      kennysheep_the_goblin_king, layout_cave_pods, old_standard_altar,
          serial_shops, shop

Skill      XL: |  1  2  3  4 |
---------------+-------------+-----
Earth Magic    | 3 4 |  4.1
Spellcasting   | 2 |  2.4
Dodging        | |  1.5
Stealth        | |  1.0
Conjurations   | |  0.3
Transmutations | |  0.6

Action                   |  1- 3 |  4- 6 || total
-------------------------+-------+-------++-------
Melee: Unarmed           |   110 |    80 ||   190
       Punch             |     1 |     2 ||     3
 Cast: Sandblast         |     1 |     3 ||     4
  Use: Scroll            |       |    10 ||    10
 Stab: Sleeping          |     3 |     2 ||     5
Armor: Robe              |    40 |    27 ||    67
Dodge: Dodged            |    57 |    35 ||    92

Table legend: (Time is in decaauts)
 A = Elapsed time spent in this place.
 B = Non-inter-level travel time spent in this place.
 C = Inter-level travel time spent in this place.
 D = Time resting spent in this place.
 E = Time spent auto-exploring this place.
 F = Levels seen in this place.
 G = Mean time per level.
                   A        B        C        D        E       F      G
               +--------+--------+--------+--------+--------+-----+--------+
         Total |   2221 |   2127 |     94 |      2 |   1697 |   4 |  555.2 |
       Dungeon |   2221 |   2127 |     94 |      2 |   1697 |   4 |  555.2 |
               +--------+--------+--------+--------+--------+-----+--------+

Top non-repeatable levels by time:
     D:1: 868 daAuts
     D:3: 734 daAuts
     D:2: 450 daAuts
     D:4: 168 daAuts
